 Dungeon Crawl Stone Soup version 0.23-a0-46-g8441a8a (webtiles) character file.

4646 GroovyGamera the Grappler (level 10, -5/102 HPs)
             Began as a Troll Monk on Aug 5, 2018.
             Was a Priest of Makhleb.
             Slain by a troll (11 damage)
             ... on level 9 of the Dungeon.
             The game lasted 00:21:32 (7178 turns).

GroovyGamera the Grappler (Troll Monk)              Turns: 7178, Time: 00:21:33

Health: -5/102     AC:  6    Str: 21    XL:     10   Next: 20%
Magic:  12/12      EV: 13    Int:  6    God:    Makhleb [***...]
Gold:   218        SH:  0    Dex: 15    Spells: 9/9 levels left

rFire    . . .     SeeInvis .     - Unarmed
rCold    . . .     Gourm    +   (no shield)
rNeg     . . .     Faith    .   t - +0 robe
rPois    .         Spirit   .   (helmet restricted)
rElec    .         Reflect  .   n - +0 cloak
rCorr    .         Harm     .   (gloves unavailable)
MR       .....                  (boots unavailable)
Stlth    +.........             x - amulet of rage
HPRegen  0.67/turn              (no ring)
MPRegen  0.13/turn              (no ring)

@: hasted, drained, very quick
A: large, unfitting armour, claws 3, fast metabolism 3, gourmand, regeneration
1, shaggy fur 1, tough skin 2
a: Minor Destruction, Lesser Servant of Makhleb, Renounce Religion, Evoke
Berserk Rage


You were on level 9 of the Dungeon.
You worshipped Makhleb.
Makhleb was most pleased with you.
You were not hungry.

You visited 2 branches of the dungeon, and saw 10 of its levels.

You collected 218 gold pieces.

Inventory:

Hand Weapons
 s - a +1 scythe of venom
 A - a +2 trident
Missiles
 g - 5 tomahawks (quivered)
 B - 56 bolts
Armour
 a - a +0 shield
 n - a +0 cloak (worn)
 t - a +0 robe (worn)
Jewellery
 x - an amulet of rage (around neck)
Wands
 l - a wand of iceblast (10)
 m - a wand of flame (24)
 p - a wand of digging (17)
 u - a wand of clouds (5)
Scrolls
 e - 3 scrolls of remove curse
 f - a scroll of random uselessness {unknown}
 h - a scroll of amnesia
 i - a scroll of vulnerability {unknown}
 j - a scroll of teleportation {unknown}
 k - a scroll of enchant armour {unknown}
 o - a scroll of blinking {unknown}
 v - a scroll of immolation {unknown}
 w - a scroll of summoning {unknown}
 y - a scroll of enchant weapon {unknown}
 D - 3 scrolls of identify
Potions
 c - 2 potions of brilliance
 d - a potion of lignification {unknown}
 q - 3 potions of haste
 z - a potion of berserk rage {unknown}
 C - 2 potions of flight
Comestibles
 b - 14 rations


   Skills:
 + Level 7.1(6.1) Fighting
 + Level 7.2(6.2) Dodging
 - Level 1.0(0.1) Stealth
 + Level 8.7(7.6) Unarmed Combat
 + Level 4.7(3.7) Invocations


You had 9 spell levels left.
You didn't know any spells.
Your spell library was empty.

Dungeon Overview and Level Annotations

Branches:
Dungeon (9/15)             Temple (1/1) D:5
   Lair: D:8-11         Orc: D:9-12

Altars:
Ashenzari
Cheibriados
Dithmenos
Elyvilon
Fedhas
Gozag
Hepliaklqana
Kikubaaqudgha
Makhleb
Nemelex Xobeh
Okawaru
Qazlal
Ru
Sif Muna
Trog
Uskayaw
Vehumet
Wu Jian
Xom
Yredelemnul
Zin
The Shining One


Innate Abilities, Weirdness & Mutations

You are too large for most types of armour.
You have claws for hands.
Your metabolism is lightning-fast.
You like to eat raw meat.
Your natural rate of healing is unusually fast.
You are covered in fur. (AC +1)
You have very tough skin. (AC +2)


Message History

You barely miss the troll.
The troll is heavily wounded.
The troll bites you. The troll claws you!
* * * LOW HITPOINT WARNING * * *
The troll claws you.
* * * LOW HITPOINT WARNING * * *
You closely miss the troll.
The troll is heavily wounded.
The troll bites you!!
* * * LOW HITPOINT WARNING * * *
The troll claws you.
* * * LOW HITPOINT WARNING * * *
The troll claws you but does no damage.
You feel better. The troll bites you.
* * * LOW HITPOINT WARNING * * *
The troll barely misses you. x2
You feel yourself speed up. The troll bites you.
* * * LOW HITPOINT WARNING * * *
The troll claws you!
You die...

####### (...(.. (......
(...... .......
#########T......
.$......@.......
####...########
#####...#
........###############
.......................
##########....)........
#.............
#########.............
......................


You could see a troll.

Vanquished Creatures
  Joseph (D:7)
  Prince Ribbit (D:7)
  Sigmund (D:4)
  4 yaks (D:7)
  Eustachio (D:5)
  Menkaure (D:5)
  A water moccasin (D:8)
  2 orc warriors
  2 sky beasts
  4 ogres
  2 centaurs
  A crocodile (D:8)
  A big kobold (D:8)
  5 bullfrogs
  2 scorpions
  9 wights
  A howler monkey (D:6)
  A crimson imp (D:7)
  5 hounds
  Crazy Yiuf (D:2)
  2 centaur skeletons
  4 orc priests
  A gnoll shaman (D:4)
  An iguana (D:9)
  Ijyb (D:5)
  8 orc wizards
  7 worker ants
  A hound zombie (D:5)
  A worker ant zombie (D:8)
  A howler monkey skeleton (D:7)
  5 adders
  12 gnolls
  2 shadow imps
  An adder zombie (D:5)
  An adder skeleton (D:3)
  4 worms
  3 dart slugs
  8 leopard geckos
  21 orcs
  8 bats
  8 giant cockroaches
  9 goblins
  11 hobgoblins
  11 jackals
  9 kobolds
  2 quokkas
  2 ball pythons (D:2)
  7 frilled lizards
  A leopard gecko zombie (D:6)
  3 rats
  A spectral orc (D:7)
202 creatures vanquished.

Notes
Turn   | Place    | Note
-------+----------+-------------------------------------------
     0 | D:1      | GroovyGamera the Troll Monk began the quest for the Orb.
     0 | D:1      | Reached XP level 1. HP: 22/22 MP: 0/0
    71 | D:1      | Reached XP level 2. HP: 29/29 MP: 1/1
   323 | D:1      | Reached XP level 3. HP: 36/36 MP: 2/2
   771 | D:2      | Reached XP level 4. HP: 45/45 MP: 3/3
  1041 | D:2      | Reached skill level 4 in Unarmed Combat
  1209 | D:2      | Found a runed door.
  1213 | D:2      | Noticed Crazy Yiuf
  1219 | D:2      | Killed Crazy Yiuf
  1219 | D:2      | Reached XP level 5. HP: 48/53 MP: 4/4
  2071 | D:3      | Found a shattered altar of Ashenzari.
  2115 | D:3      | Reached XP level 6. HP: 57/62 MP: 5/5
  2777 | D:4      | Reached skill level 5 in Unarmed Combat
  2873 | D:4      | Reached XP level 7. HP: 34/70 MP: 6/6
  3229 | D:4      | Noticed Sigmund
  3240 | D:4      | Killed Sigmund
  3485 | D:5      | Entered Level 5 of the Dungeon
  3528 | D:5      | Reached skill level 5 in Dodging
  3528 | D:5      | Reached skill level 6 in Unarmed Combat
  3566 | D:5      | Reached skill level 5 in Fighting
  3659 | D:5      | Reached XP level 8. HP: 70/80 MP: 7/7
  3770 | D:5      | Noticed Eustachio
  3806 | D:5      | Killed Eustachio
  3837 | D:5      | Noticed Ijyb
  3843 | D:5      | Killed Ijyb
  4075 | D:5      | Noticed Menkaure
  4076 | D:5      | Found a staircase to the Ecumenical Temple.
  4080 | D:5      | Killed Menkaure
  4087 | Temple   | Entered the Ecumenical Temple
  4232 | Temple   | Became a worshipper of Makhleb the Destroyer
  4232 | Temple   | Reached * piety under Makhleb
  4232 | Temple   | Reached ** piety under Makhleb
  4347 | D:6      | Reached skill level 7 in Unarmed Combat
  4347 | D:6      | Reached skill level 1 in Invocations
  4548 | D:6      | Reached XP level 9. HP: 89/89 MP: 9/9
  5158 | D:7      | Noticed Joseph
  5221 | D:7      | Noticed Prince Ribbit
  5241 | D:7      | Killed Prince Ribbit
  5495 | D:7      | Reached skill level 8 in Unarmed Combat
  5585 | D:7      | Found a basalt altar of Yredelemnul.
  5781 | D:7      | Killed Joseph
  5880 | D:7      | Reached *** piety under Makhleb
  6089 | D:8      | Reached XP level 10. HP: 73/100 MP: 12/12
  7176 | D:9      | HP: 3/102 [troll (6)]
  7178 | D:9      | Slain by a troll

Vault maps used:
D:1:      mrwooster_arrival_arrow
D:2:      serial_co_window_serial, co_window_corner_a, co_window_paths_a,
          co_window_paths_b, co_window_paths_b, co_window_paths_a,
          co_window_paths_a, co_window_corner_a, co_window_2corner,
          co_window_of_opportunity_b, co_window_broadway_a, co_window_corner_b,
          co_window_4corner_b, glass_columns_a, first_ration,
          uniq_crazy_yiuf_cottage
D:3:      evilmike_ruin_ashenzari
D:4:      minmay_crossroads, uniq_sigmund
D:5:      minmay_temple_entry_poolview, uniq_ijyb, uniq_menkaure, uniq_eustachio
D:7:      yredelemnul_forgotten_temple_becter, uniq_joseph, uniq_prince_ribbit1
D:9:      lair_entry_dummy, serial_shops, shop_fountains
Temple:   compressed_dpeg_circular_temple

Skill      XL: |  1  2  3  4  5  6  7  8  9 10 |
---------------+-------------------------------+-----
Fighting       | 3 4 5 6 7 |  7.1
Dodging        | 3 4 5 6 7 |  7.2
Unarmed Combat | 4 5 6 7 8 |  8.7
Invocations    | 2 4 |  4.7
Stealth        | |  1.0

Action                   |  1- 3 |  4- 6 |  7- 9 | 10-12 || total
-------------------------+-------+-------+-------+-------++-------
Melee: Unarmed           |    84 |   187 |   291 |    84 ||   646
       Punch             |       |       |     8 |     1 ||     9
       Trident           |       |       |     1 |       ||     1
Throw: Tomahawk          |       |       |     2 |     8 ||    10
  Use: Scroll            |       |     3 |     6 |     1 ||    10
       Potion            |       |       |     1 |     2 ||     3
 Stab: Sleeping          |       |     2 |     4 |       ||     6
  Eat: Chunk             |    12 |    20 |    24 |     9 ||    65
Armor: Robe              |    20 |    60 |    83 |    14 ||   177
Dodge: Dodged            |    48 |    98 |   177 |    57 ||   380

Table legend:
 A = Spawn XP
 B = Non-spawn XP
 C = Spawn XP percentage of total XP
 D = Spawn monster count
 E = Non-spawn monster count
 F = Spawn count percentage of total count
 G = Total turns spent on level
                    A         B        C        D         E        F      G
               +---------+---------+-------+---------+---------+-------+---------
         Total |       0 |    6638 |   0.0 |       0 |     202 |   0.0 |  7178
               +---------+---------+-------+---------+---------+-------+---------
           D:1 |       0 |      42 |   0.0 |       0 |      19 |   0.0 |   467
           D:2 |       0 |     215 |   0.0 |       0 |      40 |   0.0 |  1220
           D:3 |       0 |     230 |   0.0 |       0 |      31 |   0.0 |   922
           D:4 |       0 |     614 |   0.0 |       0 |      24 |   0.0 |   876
           D:5 |       0 |     927 |   0.0 |       0 |      16 |   0.0 |   686
           D:6 |       0 |    1293 |   0.0 |       0 |      26 |   0.0 |   730
           D:7 |       0 |    1942 |   0.0 |       0 |      16 |   0.0 |   912
           D:8 |       0 |    1199 |   0.0 |       0 |      27 |   0.0 |  1152
           D:9 |       0 |     176 |   0.0 |       0 |       3 |   0.0 |    55
               +---------+---------+-------+---------+---------+-------+---------
